 Dungeon Crawl Stone Soup version 0.30.0-19-gbf45117a57 (webtiles) character file.

Game seed: 14837168595294642247

65123 qw the Severer (level 15, -7/96 HPs)
             Began as a Gargoyle Fighter on May 23, 2023.
             Was a High Priest of Okawaru.
             Mangled by an enormous slime creature (40 damage)
             ... on level 12 of the Dungeon.
             The game lasted 00:10:27 (18412 turns).

qw the Severer (Gargoyle Fighter)                  Turns: 18412, Time: 00:10:28

Health: -7/96      AC: 42    Str: 30    XL:     15   Next: 15%
Magic:  22/22      EV: 16    Int:  9    God:    Okawaru [*****.]
Gold:   829        SH: 12    Dex: 12    Spells: 14/14 levels left

rFire   . . .        Y - +2 broad axe
rCold   . . .        c - +0 buckler
rNeg    + . .        b - +7 plate armour of Entuq {Fly Str+3 Dex+3}
rPois   inf          (no helmet)
rElec   +            (no cloak)
rCorr   .            a - +2 pair of gloves
SInv    .            e - +2 pair of boots
Will    +....        p - amulet of reflection Stlth
                     m - +5 ring of evasion
HPRegen 0.36/turn    (no ring)
MPRegen 0.18/turn

%: reflection
@: about to teleport, heroic, flying
A: sickness immunity, AC +11, big wings, negative energy resistance 1,
electricity resistance, torment resistance 1, petrification resistance
a: Renounce Religion, Heroism, Finesse, Duel


You were on level 12 of the Dungeon.
You worshipped Okawaru.
Okawaru was extremely pleased with you.
You visited 3 branches of the dungeon, and saw 18 of its levels.
You also visited: Ossuary.

You collected 1195 gold pieces.
You spent 366 gold pieces at shops.


Innate Abilities, Weirdness & Mutations

You are immune to sickness and miasma.
Your stone body is resilient. (AC +11)
You are immune to poison.
Your large and strong wings let you fly.
You resist negative energy. (rN+)
You are resistant to electric shocks. (rElec)
You are resistant to unholy torment.
You are immune to petrification.


   Skills:
 - Level 12.0(17.0) Fighting
 + Level 16.3(21.3) Axes
 - Level 6.0(11.0) Throwing
 - Level 11.0(16.0) Armour
 - Level 4.0(9.0) Dodging
 - Level 8.0(13.0) Shields
 - Level 10.0 Invocations


You had 14 spell levels left.
You didn't know any spells.
Your spell library was empty.

Inventory:

Hand Weapons
 s - a +1 morningstar
 Y - a +2 broad axe (weapon)
Missiles
 t - 8 boomerangs (quivered)
Armour
 a - a +2 pair of gloves (worn)
 b - the +7 plate armour of Entuq (worn) {Fly Str+3 Dex+3}
   (You found it on level 3 of the Dungeon)

   Str:       It affects your strength (+3).
   Dex:       It affects your dexterity (+3).
   Fly:       It grants you flight.
 c - a +0 buckler (worn)
 e - a +2 pair of boots (worn)
 o - +0 acid dragon scales
Jewellery
 m - a +5 ring of evasion (left hand)
 p - an amulet of reflection (around neck)
 r - a ring of ice
Scrolls
 h - 10 scrolls of identify
 q - 5 scrolls of teleportation
Potions
 d - 8 potions of might
 f - a potion of lignification
 g - 6 potions of curing
 i - 2 potions of haste
 j - a potion of resistance
 k - 9 potions of heal wounds
 l - 2 potions of attraction

Dungeon Overview and Level Annotations

Branches:
Dungeon (12/15)            Temple (1/1) D:5            Lair (5/5) D:9
  Swamp (0/4) Lair:2        Snake (0/4) Lair:2        Slime (0/5) Lair:5
    Orc (0/2) D:9         Ossuary (visited)

Altars:
Ashenzari
Cheibriados
Dithmenos
Elyvilon
Fedhas
Gozag
Hepliaklqana
Kikubaaqudgha
Makhleb
Nemelex Xobeh
Okawaru
Qazlal
Ru
Sif Muna
Trog
Uskayaw
Vehumet
Wu Jian
Xom
Yredelemnul
Zin
The Shining One
Jiyva

Shops:
D:4 *   D:7 =   D:8 ?

Annotations:
D:6 3 runed translucent doors, qw's ghost, amateur GrFi
D:8 2 transporters
D:11 1 runed translucent door, qw's ghost, journeyman GrFi


Message History

You slash the very large slime creature!
The very large slime creature is lightly wounded.
You slash the very large slime creature!
The very large slime creature is lightly wounded.
You block the very large slime creature's attack.
You slice the very large slime creature!!
The very large slime creature is moderately wounded.
The very large slime creature hits you but does no damage.
You slice the very large slime creature!!
The very large slime creature is moderately wounded.
You hit the very large slime creature.
The very large slime creature is moderately wounded.
The very large slime creature hits you but does no damage.
You slice the very large slime creature!!
The very large slime creature is heavily wounded.
The very large slime creature hits you but does no damage.
You slice the very large slime creature like a ripe choko!!!
The very large slime creature is severely wounded.
The very large slime creature completely misses you.
You barely miss the very large slime creature.
The very large slime creature is severely wounded.
You slice the very large slime creature!!
The very large slime creature is severely wounded.
The very large slime creature hits you!!
Two slime creatures merge to form an enormous slime creature.
18408 ||| READING 6 scrolls of teleportation.
As you read the scroll of teleportation, it crumbles to dust.
You feel strangely unstable.
You slash the enormous slime creature!
The enormous slime creature is severely wounded.
The enormous slime creature hits you!!
You slice the enormous slime creature!!
The enormous slime creature is severely wounded.
You slice the enormous slime creature!!
The enormous slime creature is almost dead.
The enormous slime creature closely misses you.
You slash the enormous slime creature!
The enormous slime creature is almost dead.
The enormous slime creature hits you!!!
You die...

# ###########
#...#######.........##
....'..J@.'....)....>#
....#######.....#.#(.#
J #.......#..##
#....##.....#
##########..# #..#
#..### #..#<. ##..###


You could see an enormous slime creature.

Vanquished Creatures
  Kirke (Lair:5)
  Nessos (Lair:5)
  Harold (D:10)
  6 hydras
  4 catoblepae
  5 two-headed ogres
  17 death yaks
  An oklob plant (Lair:1)
  3 manticores
  4 elephants (Lair:5)
  An ugly thing (D:12)
  A cyclops (D:12)
  A slime creature (D:12)
  3 black mambas
  2 torpor snails
  A gargoyle (D:10)
  10 cane toads
  9 komodo dragons
  Psyche (D:10)
  An unseen horror zombie (D:8)
  4 rime drakes
  A kobold demonologist (D:9)
  2 ice devils (Lair:3)
  An unseen horror (D:11)
  2 polar bears
  A hornet (D:9)
  11 dream sheep
  30 blink frogs
  2 wraiths
  75 yaks
  2 fire elementals (Lair:4)
  7 wyverns
  3 basilisks
  9 vampire mosquitoes
  3 steam dragons
  3 hogs (Lair:5)
  3 acid dragons
  10 water moccasins
  4 nagas (Lair:2)
  3 orc warriors
  2 black bears
  An ice beast (D:7)
  3 sky beasts
  11 wolves
  6 centaurs
  2 phantoms
  An elf zombie (Ossuary)
  A kobold brigand (D:6)
  9 bullfrogs
  2 gnoll sergeants
  A necrophage (D:8)
  A wyvern zombie (D:8)
  2 scorpions
  6 wights
  12 killer bees
  3 howler monkeys
  8 electric eels (D:10)
  A crimson imp (D:7)
  A human zombie (D:8)
  5 jellies
  5 centaur zombies
  3 gnoll boudas
  3 orc priests
  3 sleepcaps
  4 hounds
  An iguana (D:6)
  5 orc wizards
  2 ogre zombies (Ossuary)
  9 mummies
  2 howler monkey zombies (D:8)
  28 gnolls
  7 adders
  5 white imps
  3 ufetubi
  4 adder zombies (Ossuary)
  2 worms
  2 dart slugs
  37 orcs
  7 ball pythons
  5 endoplasms
  2 giant cockroaches
  31 goblins
  20 hobgoblins
  4 jackals (D:1)
  11 kobolds
  6 quokkas
  5 bats
  3 frilled lizards
  6 goblin zombies (Ossuary)
  3 hobgoblin zombies (Ossuary)
  4 kobold zombies (Ossuary)
  An orc zombie (Ossuary)
  3 quokka zombies (Ossuary)
  7 rats
  3 rat zombies (Ossuary)
573 creatures vanquished.

Vanquished Creatures (others)
  A wight (D:10)
  A killer bee (D:10)
2 creatures vanquished.

Grand Total: 575 creatures vanquished

Notes
Turn   | Place    | Note
-------+----------+-------------------------------------------
     0 | D:1      | qw the Gargoyle Fighter began the quest for the Orb.
     0 | D:1      | Reached XP level 1. HP: 14/14 MP: 1/1
     0 | D:1      | 0 ||| qw: Version: 0.2-a-98-g5d7165a
     0 | D:1      | 0 ||| qw: Game counter: 28
     0 | D:1      | 0 ||| qw: Always use a shield: true
     0 | D:1      | 0 ||| qw: God list: Okawaru
     0 | D:1      | 0 ||| qw: Allow faded altars: false
     0 | D:1      | 0 ||| qw: Do Orc after D:15 true
     0 | D:1      | 0 ||| qw: Do second Lair branch before Depths: true
     0 | D:1      | 0 ||| qw: Lair rune preference: random
     0 | D:1      | 0 ||| qw: Plans: Normal, Zot:1-4, God:TSO, Crypt, Tomb,
                  | Pan, Slime:5, Hells, Abyss, Win
     0 | D:1      | 0 ||| PLANNING D:1-11
    77 | D:1      | Reached skill level 2 in Axes
   193 | D:1      | Reached XP level 2. HP: 19/19 MP: 2/2
   411 | D:1      | Reached skill level 3 in Axes
   421 | D:1      | Reached XP level 3. HP: 8/23 MP: 3/3
   574 | D:1      | 574 ||| Stepping ~*~*~tactically~*~*~ (stealth).
   575 | D:1      | 575 ||| Stepping ~*~*~tactically~*~*~ (stealth).
   591 | D:1      | 591 ||| Stepping ~*~*~tactically~*~*~ (stealth).
   762 | D:1      | 762 ||| UPGRADING to +0 chain mail.
   772 | D:1      | 772 ||| DROPPING +0 scale mail.
   773 | D:1      | 773 ||| READING scroll labelled UNGUKY DOYTE.
   774 | D:1      | 774 ||| READING scroll labelled HUENOIVURPHI.
   775 | D:1      | 775 ||| READING scroll labelled LIAD MOUNYRHO.
   792 | D:1      | 792 ||| READING scroll labelled ZOCUNIPN AGUPN.
   958 | D:2      | 958 ||| READING scroll of enchant weapon.
   958 | D:2      | 958 ||| ENCHANTING +1 war axe.
   961 | D:2      | 961 ||| Stepping ~*~*~tactically~*~*~ (hiding).
  1119 | D:2      | Reached XP level 4. HP: 28/28 MP: 4/4
  1222 | D:2      | Reached skill level 4 in Axes
  1708 | D:2      | 1708 ||| READING scroll labelled PATHRATR JEUPA.
  1709 | D:2      | 1709 ||| READING scroll labelled TAQILINUTI.
  1714 | D:2      | 1714 ||| READING scroll labelled VIXZEO RUHI.
  1815 | D:2      | 1815 ||| READING scroll labelled MEURGH ZOAXEL.
  1816 | D:2      | 1816 ||| READING 2 scrolls labelled KEKUER UFAPUKE.
  1817 | D:2      | 1817 ||| READING scroll labelled OZXYPHU EHYODU.
  1818 | D:2      | 1818 ||| DRINKING 2 murky cyan potions.
  1819 | D:2      | 1819 ||| DROPPING scroll of magic mapping.
  1955 | D:3      | Identified the +7 plate armour of Entuq {Fly Str+3 Dex+3}
  2009 | D:3      | Found a blossoming altar of Fedhas.
  2021 | D:3      | Found a stormy altar of Qazlal.
  2032 | D:3      | Identified the +12 dagger "Alegeol" {flame, rN+ Will+
                  | Dex+2}
  2117 | D:3      | Found a shimmering blue altar of Sif Muna.
  2169 | D:3      | 2169 ||| Stepping ~*~*~tactically~*~*~ (stealth).
  2378 | D:3      | 2378 ||| UPGRADING to +7 plate armour of Entuq {Fly Str+3
                  | Dex+3}.
  2388 | D:3      | 2388 ||| DROPPING +0 chain mail.
  2389 | D:3      | 2389 ||| DRINKING 2 ruby potions.
  2493 | D:3      | 2493 ||| READING 2 scrolls of identify.
  2493 | D:3      | 2493 ||| IDENTIFYING cyan potion
  2494 | D:3      | 2494 ||| DROPPING potion of brilliance.
  2495 | D:3      | 2495 ||| DROPPING potion of berserk rage.
  2517 | D:4      | 2517 ||| PLANNING OSSUARY
  2530 | D:4      | Found Nohudd's General Store.
  2538 | D:4      | 2538 ||| BUYING +0 mace (33 gold).
  2538 | D:4      | Bought a +0 mace for 33 gold pieces
  2538 | D:4      | 2538 ||| SHOPLISTING 2 scrolls of enchant weapon (165 gold,
                  | have 83).
  2538 | D:4      | 2538 ||| BUYING potion of curing (33 gold).
  2538 | D:4      | Bought a potion of curing for 33 gold pieces
  2538 | D:4      | 2538 ||| DROPPING +0 club.
  2552 | D:4      | Found a shadowy altar of Dithmenos.
  2644 | D:4      | 2644 ||| Stepping ~*~*~tactically~*~*~ (stealth).
  2648 | D:4      | 2648 ||| Stepping ~*~*~tactically~*~*~ (stealth).
  2650 | D:4      | 2650 ||| Stepping ~*~*~tactically~*~*~ (hiding).
  2651 | D:4      | 2651 ||| Stepping ~*~*~tactically~*~*~ (hiding).
  2783 | D:4      | Reached XP level 5. HP: 28/32 MP: 5/5
  2820 | D:4      | Reached skill level 5 in Axes
  2956 | D:4      | Found a white marble altar of Elyvilon.
  2999 | D:4      | Found a sand-covered staircase.
  3000 | D:4      | 3000 ||| UPGRADING to +5 ring of evasion.
  3001 | D:4      | 3001 ||| READING scroll labelled KIQAECA MAMEMP.
  3002 | D:4      | 3002 ||| READING scroll labelled WEUTRO TAEDEUP.
  3003 | D:4      | 3003 ||| READING 2 scrolls of identify.
  3003 | D:4      | 3003 ||| IDENTIFYING yellow potion
  3012 | Ossuary  | Entered an ossuary
  3062 | Ossuary  | Reached skill level 1 in Dodging
  3196 | Ossuary  | Reached XP level 6. HP: 38/38 MP: 6/6
  3215 | Ossuary  | 3215 ||| Stepping ~*~*~tactically~*~*~ (stealth).
  3430 | Ossuary  | Reached XP level 7. HP: 38/44 MP: 7/7
  3474 | Ossuary  | Reached skill level 6 in Axes
  3570 | Ossuary  | 3570 ||| READING scroll labelled UPPEBB ZYPI.
  3571 | Ossuary  | 3571 ||| DRINKING 3 murky silvery potions.
  3572 | Ossuary  | 3572 ||| DRINKING 3 bubbling amethyst potions.
  3573 | Ossuary  | 3573 ||| READING 5 scrolls of identify.
  3573 | Ossuary  | 3573 ||| IDENTIFYING grey potion
  3574 | Ossuary  | 3574 ||| READING 4 scrolls of identify.
  3574 | Ossuary  | 3574 ||| IDENTIFYING lumpy yellow potion
  3575 | Ossuary  | 3575 ||| DROPPING potion of degeneration.
  3576 | Ossuary  | 3576 ||| DROPPING 2 potions of flight.
  3585 | D:4      | 3585 ||| PLANNING D:1-11
  3679 | D:4      | 3679 ||| Stepping ~*~*~tactically~*~*~ (hiding).
  3681 | D:4      | 3681 ||| Stepping ~*~*~tactically~*~*~ (hiding).
  3798 | D:4      | 3798 ||| Stepping ~*~*~tactically~*~*~ (hiding).
  3854 | D:4      | 3854 ||| DROPPING +0 mace.
  4066 | D:5      | Entered Level 5 of the Dungeon
  4266 | D:5      | Found a staircase to the Ecumenical Temple.
  4267 | D:5      | 4267 ||| PLANNING TEMPLE
  4267 | D:5      | 4267 ||| READING 3 scrolls of identify.
  4267 | D:5      | 4267 ||| IDENTIFYING fuming cyan potion
  4276 | Temple   | Entered the Ecumenical Temple
  4419 | Temple   | 4419 ||| PLANNING D:1-11
  4509 | D:5      | Reached skill level 7 in Axes
  4546 | D:5      | 4546 ||| Stepping ~*~*~tactically~*~*~ (stealth).
  4593 | D:5      | 4593 ||| Stepping ~*~*~tactically~*~*~ (hiding).
  4594 | D:5      | 4594 ||| Stepping ~*~*~tactically~*~*~ (stealth).
  4612 | D:5      | 4612 ||| Stepping ~*~*~tactically~*~*~ (stealth).
  4618 | D:5      | 4618 ||| Stepping ~*~*~tactically~*~*~ (hiding).
  4691 | D:5      | Reached XP level 8. HP: 49/49 MP: 8/8
  4731 | D:5      | 4731 ||| Stepping ~*~*~tactically~*~*~ (stealth).
  4732 | D:5      | 4732 ||| Stepping ~*~*~tactically~*~*~ (hiding).
  4747 | D:5      | 4747 ||| Stepping ~*~*~tactically~*~*~ (stealth).
  4751 | D:5      | 4751 ||| Stepping ~*~*~tactically~*~*~ (hiding).
  4759 | D:5      | 4759 ||| Stepping ~*~*~tactically~*~*~ (hiding).
  4761 | D:5      | 4761 ||| Stepping ~*~*~tactically~*~*~ (hiding).
  4762 | D:5      | 4762 ||| Stepping ~*~*~tactically~*~*~ (hiding).
  5556 | D:6      | Reached skill level 8 in Axes
  5650 | D:6      | 5650 ||| Stepping ~*~*~tactically~*~*~ (stealth).
  5665 | D:6      | Reached skill level 6 in Fighting
  5717 | D:6      | Found a runed translucent gate.
  5717 | D:6      | Noticed qw's ghost (amateur GrFi)
  5718 | D:6      | Found a runed translucent gate.
  5719 | D:6      | Found a runed translucent gate.
  5785 | D:6      | 5785 ||| Stepping ~*~*~tactically~*~*~ (cloud).
  5787 | D:6      | 5787 ||| Stepping ~*~*~tactically~*~*~ (cloud).
  5793 | D:6      | 5793 ||| Stepping ~*~*~tactically~*~*~ (cloud).
  5940 | D:6      | HP: 11/51 [acid dragon/splash of acid (12)]
  5941 | D:6      | 5941 ||| READING scroll of teleportation.
  5942 | D:6      | 5942 ||| DRINKING 2 potions of heal wounds.
  5945 | D:6      | Reached skill level 9 in Axes
  5945 | D:6      | Reached XP level 9. HP: 40/55 MP: 9/9
  6018 | D:6      | 6018 ||| Stepping ~*~*~tactically~*~*~ (hiding).
  6020 | D:6      | 6020 ||| Stepping ~*~*~tactically~*~*~ (hiding).
  6102 | D:6      | 6102 ||| READING scroll of enchant weapon.
  6102 | D:6      | 6102 ||| ENCHANTING +2 war axe.
  6140 | D:6      | 6140 ||| SWAPPING to +0 broad axe.
  6141 | D:6      | 6141 ||| DROPPING +3 war axe.
  6471 | D:6      | 6471 ||| Stepping ~*~*~tactically~*~*~ (hiding).
  6474 | D:6      | 6474 ||| Stepping ~*~*~tactically~*~*~ (hiding).
  6620 | D:6      | 6620 ||| READING scroll labelled RARCHAFFORIE.
  6683 | D:7      | 6683 ||| Stepping ~*~*~tactically~*~*~ (stealth).
  6858 | D:7      | Found Lohag's Jewellery Boutique.
  6866 | D:7      | 6866 ||| SHOPLISTING +4 ring of protection (360 gold, have
                  | 300).
  6866 | D:7      | 6866 ||| SHOPLISTING +4 ring of slaying (780 gold, have
                  | 300).
  6866 | D:7      | 6866 ||| SHOPLISTING +5 ring of evasion (360 gold, have
                  | 300).
  6866 | D:7      | 6866 ||| SHOPLISTING +6 ring of strength (360 gold, have
                  | 300).
  6866 | D:7      | 6866 ||| BUYING amulet of reflection (300 gold).
  6866 | D:7      | Bought an amulet of reflection for 300 gold pieces
  7278 | D:7      | 7278 ||| Stepping ~*~*~tactically~*~*~ (hiding).
  7402 | D:7      | Found a shimmering altar of Xom.
  7402 | D:7      | Found a burning altar of Makhleb.
  7595 | D:7      | 7595 ||| UPGRADING to amulet of guardian spirit.
  7600 | D:7      | 7600 ||| UPGRADING to amulet of reflection.
  7610 | D:7      | 7610 ||| DROPPING amulet of guardian spirit.
  7642 | D:8      | 7642 ||| Stepping ~*~*~tactically~*~*~ (stealth).
  7684 | D:8      | Found a transporter.
  7688 | D:8      | Found Biw Faig's Magic Scroll Boutique.
  7711 | D:8      | 7711 ||| Stepping ~*~*~tactically~*~*~ (stealth).
  7738 | D:8      | Reached skill level 10 in Axes
  7804 | D:8      | Found a transporter.
  8075 | D:8      | Reached XP level 10. HP: 64/64 MP: 10/10
  8146 | D:8      | Found a basalt altar of Yredelemnul.
  8197 | D:8      | Reached skill level 6 in Armour
  8585 | D:8      | 8585 ||| Stepping ~*~*~tactically~*~*~ (stealth).
  8586 | D:8      | 8586 ||| Stepping ~*~*~tactically~*~*~ (stealth).
  8880 | D:8      | 8880 ||| UPGRADING to +0 pair of gloves.
  8885 | D:8      | 8885 ||| READING scroll of enchant armour.
  8885 | D:8      | 8885 ||| ENCHANTING +0 pair of gloves.
  8910 | D:9      | 8910 ||| Stepping ~*~*~tactically~*~*~ (hiding).
  8918 | D:9      | Found a staircase to the Orcish Mines.
  8963 | D:9      | 8963 ||| Stepping ~*~*~tactically~*~*~ (stealth).
  9042 | D:9      | 9042 ||| DROPPING +0 flail.
  9045 | D:9      | Noticed a kobold demonologist
  9046 | D:9      | 9046 ||| Stepping ~*~*~tactically~*~*~ (stealth).
  9047 | D:9      | 9047 ||| Stepping ~*~*~tactically~*~*~ (stealth).
  9063 | D:9      | 9063 ||| Stepping ~*~*~tactically~*~*~ (stealth).
  9076 | D:9      | Killed a kobold demonologist
  9077 | D:9      | Reached skill level 1 in Throwing
  9112 | D:9      | 9112 ||| Stepping ~*~*~tactically~*~*~ (stealth).
  9117 | D:9      | 9117 ||| Stepping ~*~*~tactically~*~*~ (stealth).
  9124 | D:9      | 9124 ||| Stepping ~*~*~tactically~*~*~ (stealth).
  9158 | D:9      | 9158 ||| Stepping ~*~*~tactically~*~*~ (hiding).
  9167 | D:9      | 9167 ||| Stepping ~*~*~tactically~*~*~ (stealth).
  9185 | D:9      | Found a staircase to the Lair.
  9336 | D:9      | Reached skill level 11 in Axes
  9445 | D:9      | 9445 ||| Stepping ~*~*~tactically~*~*~ (hiding).
  9447 | D:9      | 9447 ||| Stepping ~*~*~tactically~*~*~ (hiding).
  9448 | D:9      | 9448 ||| Stepping ~*~*~tactically~*~*~ (hiding).
  9452 | D:9      | Found an iron altar of Okawaru.
  9453 | D:9      | 9453 ||| PLANNING OKAWARU WORSHIP
  9554 | D:9      | 9554 ||| UPGRADING to +2 pair of boots.
  9559 | D:9      | 9559 ||| READING scroll labelled DOUFRYM AJEILL.
  9567 | D:9      | Became a worshipper of Warmaster Okawaru
  9567 | D:9      | 9567 ||| PLANNING D:1-11
  9568 | D:9      | Noticed a two-headed ogre
  9569 | D:9      | 9569 ||| Stepping ~*~*~tactically~*~*~ (stealth).
  9578 | D:9      | Killed a two-headed ogre
  9579 | D:9      | Reached skill level 9 in Fighting
  9579 | D:9      | Reached XP level 11. HP: 64/71 MP: 11/11
  9673 | D:9      | 9673 ||| Stepping ~*~*~tactically~*~*~ (stealth).
  9675 | D:9      | 9675 ||| Stepping ~*~*~tactically~*~*~ (hiding).
  9709 | D:9      | Reached * piety under Okawaru
  9780 | D:9      | 9780 ||| DROPPING +2 flail of venom.
  9829 | D:9      | 9829 ||| Stepping ~*~*~tactically~*~*~ (stealth).
  9835 | D:9      | Reached skill level 1 in Invocations
  9835 | D:9      | 9835 ||| Stepping ~*~*~tactically~*~*~ (stealth).
 10192 | D:9      | 10192 ||| PLANNING LAIR
 10235 | Lair:1   | Entered Level 1 of the Lair of Beasts
 10258 | Lair:1   | 10258 ||| Stepping ~*~*~tactically~*~*~ (stealth).
 10260 | Lair:1   | 10260 ||| Stepping ~*~*~tactically~*~*~ (stealth).
 10262 | Lair:1   | 10262 ||| Stepping ~*~*~tactically~*~*~ (stealth).
 10276 | Lair:1   | Reached skill level 3 in Invocations
 10281 | Lair:1   | Reached ** piety under Okawaru
 10356 | Lair:1   | 10356 ||| INVOKING Heroism.
 10407 | Lair:1   | 10407 ||| INVOKING Heroism.
 10439 | Lair:1   | 10439 ||| INVOKING Heroism.
 10447 | Lair:1   | Reached skill level 12 in Axes
 10465 | Lair:1   | 10465 ||| INVOKING Heroism.
 10470 | Lair:1   | Reached skill level 6 in Shields
 10482 | Lair:1   | Reached *** piety under Okawaru
 10484 | Lair:1   | 10484 ||| INVOKING Heroism.
 10485 | Lair:1   | Noticed a five-headed hydra
 10508 | Lair:1   | 10508 ||| INVOKING Heroism.
 10509 | Lair:1   | 10509 ||| SWAPPING to +0 flail of protection.
 10518 | Lair:1   | Killed a five-headed hydra
 10519 | Lair:1   | 10519 ||| SWAPPING to +0 broad axe.
 10522 | Lair:1   | Reached **** piety under Okawaru
 10523 | Lair:1   | Reached XP level 12. HP: 42/77 MP: 13/15
 10729 | Lair:1   | Noticed a four-headed hydra
 10730 | Lair:1   | 10730 ||| INVOKING Heroism.
 10733 | Lair:1   | 10733 ||| SWAPPING to +0 flail of protection.
 10737 | Lair:1   | Killed a four-headed hydra
 10738 | Lair:1   | 10738 ||| SWAPPING to +0 broad axe.
 10750 | Lair:1   | Found the +1 robe of Vines {NoPotionHeal Regen++++}
 10752 | Lair:1   | 10752 ||| INVOKING Heroism.
 10763 | Lair:1   | Reached skill level 13 in Axes
 11012 | Lair:1   | 11012 ||| Stepping ~*~*~tactically~*~*~ (stealth).
 11015 | Lair:1   | 11015 ||| Stepping ~*~*~tactically~*~*~ (stealth).
 11323 | Lair:2   | 11323 ||| STAIRDANCE
 11332 | Lair:1   | 11332 ||| INVOKING Heroism.
 11409 | Lair:2   | 11409 ||| STAIRDANCE
 11436 | Lair:2   | 11436 ||| STAIRDANCE
 11468 | Lair:2   | Noticed a catoblepas
 11469 | Lair:2   | 11469 ||| Stepping ~*~*~tactically~*~*~ (stealth).
 11507 | Lair:2   | 11507 ||| INVOKING Heroism.
 11508 | Lair:2   | 11508 ||| Stepping ~*~*~tactically~*~*~ (stealth).
 11535 | Lair:2   | 11535 ||| Stepping ~*~*~tactically~*~*~ (stealth).
 11539 | Lair:2   | Reached skill level 9 in Armour
 11539 | Lair:2   | Reached skill level 6 in Invocations
 11547 | Lair:2   | 11547 ||| Stepping ~*~*~tactically~*~*~ (stealth).
 11565 | Lair:2   | 11565 ||| INVOKING Heroism.
 11580 | Lair:2   | Killed a catoblepas
 11646 | Lair:2   | Reached ***** piety under Okawaru
 11647 | Lair:2   | Reached skill level 3 in Dodging
 11663 | Lair:2   | Found a staircase to the Snake Pit.
 11664 | Lair:2   | 11664 ||| Stepping ~*~*~tactically~*~*~ (hiding).
 11666 | Lair:2   | 11666 ||| Stepping ~*~*~tactically~*~*~ (hiding).
 11669 | Lair:2   | 11669 ||| Stepping ~*~*~tactically~*~*~ (hiding).
 11681 | Lair:2   | 11681 ||| Stepping ~*~*~tactically~*~*~ (stealth).
 11699 | Lair:2   | 11699 ||| Stepping ~*~*~tactically~*~*~ (stealth).
 11724 | Lair:2   | 11724 ||| Stepping ~*~*~tactically~*~*~ (hiding).
 11743 | Lair:2   | 11743 ||| Stepping ~*~*~tactically~*~*~ (stealth).
 11745 | Lair:2   | 11745 ||| Stepping ~*~*~tactically~*~*~ (hiding).
 11748 | Lair:2   | 11748 ||| Stepping ~*~*~tactically~*~*~ (hiding).
 11802 | Lair:2   | Noticed a death yak
 11802 | Lair:2   | Noticed a death yak
 11802 | Lair:2   | Noticed a death yak
 11803 | Lair:2   | 11803 ||| Stepping ~*~*~tactically~*~*~ (stealth).
 11805 | Lair:2   | Noticed a death yak
 11805 | Lair:2   | Noticed a death yak
 11805 | Lair:2   | Noticed a death yak
 11806 | Lair:2   | 11806 ||| Stepping ~*~*~tactically~*~*~ (stealth).
 11807 | Lair:2   | 11807 ||| INVOKING Heroism.
 11808 | Lair:2   | 11808 ||| INVOKING Finesse.
 11828 | Lair:2   | Killed a death yak
 11829 | Lair:2   | Killed a death yak
 11838 | Lair:2   | Killed a death yak
 11838 | Lair:2   | Received a gift from Okawaru
 11839 | Lair:2   | Killed a death yak
 11842 | Lair:2   | Killed a death yak
 11849 | Lair:2   | Killed a death yak
 11919 | Lair:2   | Identified the +3 leather armour of Philately {Will+++
                  | Str+2 Int-4 Dex-2}
 11933 | Lair:2   | 11933 ||| Stepping ~*~*~tactically~*~*~ (stealth).
 11975 | Lair:2   | 11975 ||| Stepping ~*~*~tactically~*~*~ (stealth).
 11985 | Lair:2   | Reached XP level 13. HP: 81/82 MP: 19/19
 12008 | Lair:2   | 12008 ||| Stepping ~*~*~tactically~*~*~ (stealth).
 12033 | Lair:2   | Found a staircase to the Swamp.
 12034 | Lair:2   | 12034 ||| Stepping ~*~*~tactically~*~*~ (hiding).
 12119 | Lair:2   | 12119 ||| INVOKING Heroism.
 12120 | Lair:2   | 12120 ||| INVOKING Finesse.
 12121 | Lair:2   | 12121 ||| SWAPPING to +0 flail of protection.
 12134 | Lair:2   | Reached skill level 3 in Throwing
 12134 | Lair:2   | Reached skill level 9 in Invocations
 12134 | Lair:2   | 12134 ||| SWAPPING to +0 broad axe.
 12351 | Lair:2   | Received a gift from Okawaru
 12568 | Lair:2   | 12568 ||| DROPPING +0 pair of boots of stealth.
 12569 | Lair:2   | 12569 ||| DROPPING +1 pair of boots.
 12570 | Lair:2   | 12570 ||| READING 7 scrolls of identify.
 12570 | Lair:2   | 12570 ||| IDENTIFYING lumpy golden potion
 12605 | Lair:3   | 12605 ||| INVOKING Heroism.
 12607 | Lair:3   | 12607 ||| Stepping ~*~*~tactically~*~*~ (cloud).
 12772 | Lair:3   | 12772 ||| INVOKING Heroism.
 12813 | Lair:3   | 12813 ||| INVOKING Heroism.
 12814 | Lair:3   | 12814 ||| INVOKING Finesse.
 12847 | Lair:3   | Reached skill level 14 in Axes
 13204 | Lair:3   | 13204 ||| Stepping ~*~*~tactically~*~*~ (stealth).
 13222 | Lair:3   | 13222 ||| INVOKING Heroism.
 13575 | Lair:3   | 13575 ||| READING scroll labelled YTWAGA ROUPPAP.
 13576 | Lair:3   | 13576 ||| READING 7 scrolls of identify.
 13576 | Lair:3   | 13576 ||| IDENTIFYING bubbling ruby potion
 13577 | Lair:3   | 13577 ||| DROPPING potion of ambrosia.
 13590 | Lair:4   | 13590 ||| INVOKING Heroism.
 13607 | Lair:4   | 13607 ||| INVOKING Finesse.
 13632 | Lair:4   | 13632 ||| INVOKING Heroism.
 13768 | Lair:4   | 13768 ||| INVOKING Heroism.
 13917 | Lair:4   | 13917 ||| Stepping ~*~*~tactically~*~*~ (stealth).
 13918 | Lair:4   | 13918 ||| INVOKING Heroism.
 13985 | Lair:4   | 13985 ||| Stepping ~*~*~tactically~*~*~ (hiding).
 13989 | Lair:4   | 13989 ||| INVOKING Heroism.
 14042 | Lair:4   | 14042 ||| READING scroll of enchant weapon.
 14042 | Lair:4   | 14042 ||| ENCHANTING +0 broad axe.
 14078 | Lair:4   | 14078 ||| INVOKING Heroism.
 14178 | Lair:4   | 14178 ||| Stepping ~*~*~tactically~*~*~ (stealth).
 14355 | Lair:4   | Received a gift from Okawaru
 14608 | Lair:5   | Entered Level 5 of the Lair of Beasts
 14608 | Lair:5   | Found a hide-covered altar of Uskayaw.
 14610 | Lair:5   | 14610 ||| INVOKING Heroism.
 14611 | Lair:5   | 14611 ||| INVOKING Finesse.
 14616 | Lair:5   | 14616 ||| SWAPPING to +0 flail of protection.
 14620 | Lair:5   | 14620 ||| SWAPPING to +1 broad axe.
 14692 | Lair:5   | Gained mutation: Your large and strong wings let you fly.
                  | [Gargoyle growth]
 14692 | Lair:5   | Reached XP level 14. HP: 90/90 MP: 21/21
 14740 | Lair:5   | Reached skill level 15 in Axes
 14748 | Lair:5   | 14748 ||| INVOKING Heroism.
 14895 | Lair:5   | Received a gift from Okawaru
 14967 | Lair:5   | Reached skill level 12 in Fighting
 14978 | Lair:5   | Received a gift from Okawaru
 14984 | Lair:5   | Noticed Kirke
 14985 | Lair:5   | 14985 ||| Stepping ~*~*~tactically~*~*~ (stealth).
 14989 | Lair:5   | 14989 ||| Stepping ~*~*~tactically~*~*~ (stealth).
 14996 | Lair:5   | 14996 ||| Stepping ~*~*~tactically~*~*~ (stealth).
 14997 | Lair:5   | 14997 ||| Stepping ~*~*~tactically~*~*~ (stealth).
 15009 | Lair:5   | 15009 ||| INVOKING Heroism.
 15013 | Lair:5   | 15013 ||| DRINKING potion of cancellation.
 15027 | Lair:5   | Killed Kirke
 15119 | Lair:5   | 15119 ||| READING scroll of enchant weapon.
 15119 | Lair:5   | 15119 ||| ENCHANTING +1 broad axe.
 15326 | Lair:5   | 15326 ||| Stepping ~*~*~tactically~*~*~ (stealth).
 15328 | Lair:5   | 15328 ||| Stepping ~*~*~tactically~*~*~ (stealth).
 15329 | Lair:5   | 15329 ||| INVOKING Heroism.
 15330 | Lair:5   | 15330 ||| INVOKING Finesse.
 15339 | Lair:5   | 15339 ||| SWAPPING to +0 flail of protection.
 15350 | Lair:5   | 15350 ||| SWAPPING to +2 broad axe.
 15420 | Lair:5   | 15420 ||| Stepping ~*~*~tactically~*~*~ (stealth).
 15423 | Lair:5   | 15423 ||| Stepping ~*~*~tactically~*~*~ (stealth).
 15425 | Lair:5   | 15425 ||| Stepping ~*~*~tactically~*~*~ (stealth).
 15517 | Lair:5   | Found a viscous altar of Jiyva.
 15517 | Lair:5   | Found a staircase to the Slime Pits.
 15539 | Lair:5   | Noticed Nessos
 15540 | Lair:5   | 15540 ||| Stepping ~*~*~tactically~*~*~ (hiding).
 15541 | Lair:5   | 15541 ||| INVOKING Finesse.
 15560 | Lair:5   | Killed Nessos
 15684 | Lair:5   | 15684 ||| INVOKING Heroism.
 15685 | Lair:5   | 15685 ||| INVOKING Finesse.
 15744 | Lair:5   | 15744 ||| Stepping ~*~*~tactically~*~*~ (stealth).
 15746 | Lair:5   | 15746 ||| INVOKING Heroism.
 15747 | Lair:5   | 15747 ||| Stepping ~*~*~tactically~*~*~ (stealth).
 15761 | Lair:5   | 15761 ||| Stepping ~*~*~tactically~*~*~ (stealth).
 15763 | Lair:5   | 15763 ||| Stepping ~*~*~tactically~*~*~ (stealth).
 15770 | Lair:5   | Received a gift from Okawaru
 15852 | Lair:5   | 15852 ||| Stepping ~*~*~tactically~*~*~ (stealth).
 15855 | Lair:5   | 15855 ||| Stepping ~*~*~tactically~*~*~ (stealth).
 15856 | Lair:5   | 15856 ||| INVOKING Heroism.
 15895 | Lair:5   | 15895 ||| INVOKING Heroism.
 15908 | Lair:5   | Reached skill level 16 in Axes
 16074 | Lair:5   | 16074 ||| INVOKING Heroism.
 16085 | Lair:5   | Reached skill level 6 in Throwing
 16141 | Lair:5   | 16141 ||| INVOKING Heroism.
 16408 | Lair:5   | 16408 ||| PLANNING D:1-11
 16554 | D:10     | Entered Level 10 of the Dungeon
 16565 | D:10     | 16565 ||| Stepping ~*~*~tactically~*~*~ (stealth).
 16642 | D:10     | 16642 ||| Stepping ~*~*~tactically~*~*~ (stealth).
 16645 | D:10     | 16645 ||| Stepping ~*~*~tactically~*~*~ (stealth).
 16647 | D:10     | 16647 ||| Stepping ~*~*~tactically~*~*~ (stealth).
 16649 | D:10     | 16649 ||| Stepping ~*~*~tactically~*~*~ (hiding).
 16728 | D:10     | 16728 ||| DROPPING +2 war axe of pain.
 16769 | D:10     | 16769 ||| DROPPING +0 flail of protection.
 16858 | D:10     | You are sucked into a shaft and drop 1 floor!
 17098 | D:10     | Found a snail-covered altar of Cheibriados.
 17109 | D:10     | 17109 ||| Stepping ~*~*~tactically~*~*~ (stealth).
 17152 | D:10     | 17152 ||| READING scroll of enchant armour.
 17152 | D:10     | 17152 ||| ENCHANTING +1 pair of gloves.
 17192 | D:10     | Noticed Harold
 17192 | D:10     | Noticed Psyche
 17202 | D:10     | Killed Psyche
 17207 | D:10     | Killed Harold
 17482 | D:11     | Reached XP level 15. HP: 89/96 MP: 22/22
 17587 | D:11     | Noticed qw's ghost (journeyman GrFi)
 17597 | D:11     | Found a runed translucent door.
 17844 | D:11     | 17844 ||| Stepping ~*~*~tactically~*~*~ (hiding).
 18112 | D:11     | 18112 ||| PLANNING D
 18157 | D:12     | 18157 ||| INVOKING Heroism.
 18266 | D:12     | 18266 ||| Stepping ~*~*~tactically~*~*~ (hiding).
 18281 | D:12     | 18281 ||| Stepping ~*~*~tactically~*~*~ (hiding).
 18314 | D:12     | Identified the +6 rapier "Orb Guardian's Death" {flame,
                  | Drain rElec rPois Str+4}
 18332 | D:12     | 18332 ||| Stepping ~*~*~tactically~*~*~ (stealth).
 18333 | D:12     | 18333 ||| Stepping ~*~*~tactically~*~*~ (stealth).
 18386 | D:12     | 18386 ||| INVOKING Heroism.
 18391 | D:12     | 18391 ||| Stepping ~*~*~tactically~*~*~ (stealth).
 18408 | D:12     | 18408 ||| READING 6 scrolls of teleportation.
 18412 | D:12     | Mangled by an enormous slime creature

Levels and vault maps discovered:
D:1:      dpeg_arrival_long_road, layout_loops_ring, minmay_tree_intersection,
          chequers_serial_rivers_small_b
D:2:      layout_basic
D:3:      layout_rooms, grunt_temple_overflow_forces_of_nature,
          mainiacjoe_overflow_24_doors, guppyfry_early_lair_pool
D:4:      layout_loops_ring, nicolae_elyvilon_temple_path,
          nicolae_dithmenos_shadow_blocks, lightli_ossuary_entry_decrepit_ruins,
          serial_shops, shop
D:5:      minmay_goblin_kobold_castle, layout_cave_pods,
          minmay_temple_entry_gardened_gates,
          amcnicky_mini_rare_corridor_liquid, serial_bayou_ford_a
D:6:      minmay_chambers_of_fours, layout_basic, gammafunk_ghost_split
D:7:      layout_basic, grunt_temple_overflow_champion_of_chaos,
          minmay_shop_enchanted_jewellery, minmay_misc_feat_more_columns,
          nicolae_underground_beach
D:8:      layout_loops_corners, lemuel_mausoleum_altar_yredelemnul,
          serial_shops, nicolae_shop_drivethru, minivault_5
D:9:      layout_small_grid, lemuel_crystal_altar, david_lair_generic,
          hiddenorc2_lemuel
D:10:     layout_roguey, mainiacjoe_overflow_boulevard, serial_bayou,
          serial_bayou_crossing, serial_bayou_shore_a, serial_bayou_pond_b,
          serial_bayou_lake_a, uniq_harold, uniq_psyche
D:11:     wander_river, layout_stronghold, hellmonk_ghost_happy_afterlife
D:12:     layout_basic
Temple:   hellmonk_temple_flake
Lair:1:   layout_loops_ring, hellmonk_guarded_unrand_vines
Lair:2:   layout_chaotic_city, minmay_swamp_entry_swarm,
          guppyfry_snake_entry_garden, chequers_serial_rivers_marsh,
          infiniplex_staircase_pool_2, grunt_megastairs_5, lemuel_fruit_tree
Lair:3:   layout_gridlike, portal_ice_cave_demonic_guard
Lair:4:   layout_gridlike
Lair:5:   evilmike_catoblepas_cave, layout_regular_city, slime_entry_1,
          basic_altar, uniq_kirke, uniq_nessos

Skill      XL: |  1  2  3  4  5  6  7  8  9 10 11 12 13 14 15 |
---------------+----------------------------------------------+-----
Axes           | 2 3 4 5 7 9 10 11 12 13 14 16 | 16.3
Dodging        | 1 2 3 4 |  4.0
Fighting       | 4 5 6 8 9 10 11 12 | 12.0
Armour         | 4 5 7 8 9 10 11 | 11.0
Shields        | 4 5 6 7 8 |  8.0
Throwing       | 1 2 4 6 |  6.0
Invocations    | 4 8 10 | 10.0

Action                     |  1- 3 |  4- 6 |  7- 9 | 10-12 | 13-15 || total
---------------------------+-------+-------+-------+-------+-------++-------
  Melee: War axe           |   139 |   148 |   223 |       |       ||   510
         Broad axe         |       |       |   140 |   588 |   745 ||  1473
         Flail             |       |       |       |    13 |    25 ||    38
  Throw: Boomerang         |       |       |       |    51 |   128 ||   179
         Javelin           |       |       |       |     4 |    42 ||    46
 Invoke: Heroism           |       |       |       |    12 |    23 ||    35
         Finesse           |       |       |       |     1 |     7 ||     8
    Use: Scroll            |     5 |    10 |     7 |     2 |     7 ||    31
         Potion            |       |     2 |     3 |       |     1 ||     6
   Stab: Distracted        |       |       |     1 |       |       ||     1
 Armour: Scale mail        |    74 |       |       |       |       ||    74
         Chain mail        |    34 |    17 |       |       |       ||    51
         Plate armour      |       |    52 |   188 |   220 |   327 ||   787
  Dodge: Dodged            |    74 |    43 |   225 |   244 |   299 ||   885
  Block: Buckler           |    40 |    18 |   115 |   269 |   284 ||   726
         Reflection        |       |       |       |     4 |     8 ||    12

Table legend:
 A = Non-vault XP
 B = Vault XP
 C = Vault XP percentage of total XP
 D = Non-vault monster count
 E = Vault monster count
 F = Vault count percentage of total count
                 A         B        C        D         E       F
            +---------+---------+-------+---------+---------+-------
      Total |   67240 |   25793 |  27.7 |     364 |     209 |  36.5
            +---------+---------+-------+---------+---------+-------
        D:1 |      48 |       0 |   0.0 |      28 |       0 |   0.0
        D:2 |      76 |       0 |   0.0 |      15 |       0 |   0.0
        D:3 |      13 |       0 |   0.0 |       8 |       0 |   0.0
        D:4 |     200 |       0 |   0.0 |      15 |       0 |   0.0
        D:5 |     384 |     254 |  39.8 |       9 |      57 |  86.4
        D:6 |     799 |     626 |  43.9 |      18 |       6 |  25.0
        D:7 |    1029 |      50 |   4.6 |      11 |       1 |   8.3
        D:8 |     877 |     913 |  51.0 |      22 |      12 |  35.3
        D:9 |    4498 |    1080 |  19.4 |      32 |      36 |  52.9
       D:10 |    1777 |    2593 |  59.3 |      20 |       7 |  25.9
       D:11 |    3636 |       0 |   0.0 |      14 |       0 |   0.0
       D:12 |    3547 |       0 |   0.0 |      10 |       0 |   0.0
     Lair:1 |    6979 |    3704 |  34.7 |      27 |      10 |  27.0
     Lair:2 |   10611 |    2255 |  17.5 |      26 |      13 |  33.3
     Lair:3 |    6890 |     692 |   9.1 |      17 |       2 |  10.5
     Lair:4 |   10663 |       0 |   0.0 |      40 |       0 |   0.0
     Lair:5 |   15213 |   13175 |  46.4 |      52 |      28 |  35.0
    Ossuary |       0 |     451 | 100.0 |       0 |      37 | 100.0
            +---------+---------+-------+---------+---------+-------
